 Dungeon Sprint DCSS version 0.26-a0-707-g31817bcca1 (webtiles) character file.

Game seed: 12493788035335409786

340617 olmar the Minotaur Barricade (level 18, -27/200 HPs)
             Began as a Minotaur Fighter on Oct 27, 2020.
             Was an Initiate of Gozag.
             Killed from afar by a hellion (31 damage)
             ... with damnation
             ... in the Dungeon (Sprint III: "The Ten Rune Challenge").
             The game lasted 00:45:31 (6697 turns).

olmar the Minotaur Barricade (Minotaur Fighter)     Turns: 6697, Time: 00:45:31

Health: -27/200    AC: 34    Str: 31      XL:     18   Next: 48%
Magic:  17/17      EV: 30    Int:  4 (5)  God:    Gozag
Gold:   21131      SH: 32    Dex: 19      Spells: 17/17 levels left

rFire    + + +     SeeInvis +   Q - +9 flail of a Thousand Prophets {speed, rC+}
rCold    + . .     Faith    .   E - +0 tower shield of Jismyusiuna {*Drain rF+ MR+}
rNeg     + + .     Spirit   .   x - +5 storm dragon scales of the Garden {Rampage rElec rPois rF+ Dex+3}
rPois    +         Reflect  .   W - +0 mask of the Dragon {MR+ Slay+3 SInv}
rElec    +         Harm     .   c - +2 ratskin cloak {*Rats rPois rN+ Str-1 Int-1 Dex+1}
rCorr    .         Rampage  +   U - +0 pair of gloves "Bor Zel" {rF+ rN+}
MR       ++++.     NoTele   +   K - +0 pair of boots of the Silversmith {rPois rF+}
Stlth    ++++......             G - amulet "Igawus" {Regen+ Str+4 Int-2 Dex+4}
HPRegen  0.83/turn              M - ring of the Present {*Drain MR+ EV+4 Int+3}
MPRegen  0.15/turn              d - ring of flight

@: gold aura
A: retaliatory headbutt, horns 2, large bone plates 1, deterioration 1
}: 7/10 runes: decaying, serpentine, silver, golden, iron, icy, demonic
a: Potion Petition, Call Merchant, Bribe Branch, Renounce Religion, Evoke Flight


You were in the Dungeon.
You worshipped Gozag.
Gozag was extremely pleased with you.
You visited 1 branch You collected 37944 gold pieces.
You spent 9413 gold pieces at shops.
You paid 7400 gold pieces to Gozag.

Inventory:

Hand Weapons
 s - the +2 flail of Descent {vorpal, *Drain MR+ Int+7 SInv}
   (You bought it in a shop in the Dungeon)

   It inflicts extra damage upon your enemies.
   It affects your intelligence (+7).
   It affects your resistance to hostile enchantments.
   It lets you see invisible.
   It causes draining when unequipped.
 Q - the +9 flail of a Thousand Prophets (weapon) {speed, rC+}
   (You found it in the Dungeon)

   Attacks with this weapon are significantly faster.
   It protects you from cold.
 T - a +6 morningstar of protection
Armour
 b - the +1 pair of boots of the Enchanted Forest {rElec rN++ rCorr Str-3}
   (You bought it in a shop in the Dungeon)

   It affects your strength (-3).
   It insulates you from electricity.
   It greatly protects you from negative energy.
   It provides partial protection from all sources of acid and corrosion.
 c - the +2 ratskin cloak (worn) {*Rats rPois rN+ Str-1 Int-1 Dex+1}
   (You bought it in a shop in the Dungeon)

   It affects your strength (-1).
   It affects your intelligence (-1).
   It affects your dexterity (+1).
   It protects you from poison.
   It protects you from negative energy.
 x - the +5 storm dragon scales of the Garden (worn) {Rampage rElec rPois rF+ Dex+3}
   (You bought it in a shop in the Dungeon)

   It affects your dexterity (+3).
   It protects you from fire.
   It insulates you from electricity.
   It protects you from poison.
   It bestows one free step when moving towards enemies.
 E - the +0 tower shield of Jismyusiuna (worn) {*Drain rF+ MR+}
   (You bought it in a shop in the Dungeon)

   It protects you from fire.
   It affects your resistance to hostile enchantments.
   It causes draining when unequipped.
 K - the +0 pair of boots of the Silversmith (worn) {rPois rF+}
   (You bought it in a shop in the Dungeon)

   It protects you from fire.
   It protects you from poison.
 U - the +0 pair of gloves "Bor Zel" (worn) {rF+ rN+}
   (You found it in the Dungeon)

   It protects you from fire.
   It protects you from negative energy.
 W - the +0 mask of the Dragon (worn) {MR+ Slay+3 SInv}
   (You acquired it in the Dungeon)

   It affects your accuracy and damage with ranged weapons and melee attacks
   (+3).
   It affects your resistance to hostile enchantments.
   It lets you see invisible.
Jewellery
 a - an uncursed ring of stealth {unknown}
 d - a ring of flight (right hand)
 e - an uncursed ring of protection from fire
 g - the amulet "Kocich" {Reflect rElec rC- rN+ SH+5}
   (You acquired it in the Dungeon)

   [amulet of reflection]

   It shields you and reflects attacks.
   It makes you vulnerable to cold.
   It insulates you from electricity.
   It protects you from negative energy.
   It affects your SH (+5).
 v - an uncursed ring of see invisible {unknown}
 D - an uncursed amulet of the acrobat {unknown}
 G - the amulet "Igawus" (around neck) {Regen+ Str+4 Int-2 Dex+4}
   (You bought it in a shop in the Dungeon)

   [amulet of regeneration]

   It affects your strength (+4).
   It affects your intelligence (-2).
   It affects your dexterity (+4).
   It increases your rate of regeneration.
 M - the ring of the Present (left hand) {*Drain MR+ EV+4 Int+3}
   (You bought it in a shop in the Dungeon)

   [ring of evasion]

   It affects your evasion (+4).
   It affects your intelligence (+3).
   It affects your resistance to hostile enchantments.
   It causes draining when unequipped.
 N - the ring of Divine Compulsion {MP+9 Dex+2 Slay+5}
   (You bought it in a shop in the Dungeon)

   [ring of magical power]

   It affects your dexterity (+2).
   It affects your accuracy and damage with ranged weapons and melee attacks
   (+5).
   It affects your magic capacity (+9).
 S - an uncursed ring of positive energy
 Y - an uncursed ring of protection from magic {unknown}
 Z - an uncursed ring of protection from fire
Wands
 o - a wand of iceblast (11)
 P - a wand of acid (4)
Scrolls
 k - 2 scrolls of immolation
 l - 3 scrolls of magic mapping
 m - 7 scrolls of remove curse
 r - 3 scrolls of fog
 y - a scroll of holy word
 z - 5 scrolls of identify
 O - 6 scrolls of amnesia
 X - 6 scrolls of enchant armour
Potions
 f - a potion of mutation
 h - 2 potions of magic
 p - 6 potions of stabbing
 q - a potion of brilliance
 t - a potion of ambrosia
 u - 5 potions of haste
 w - 3 potions of resistance
 A - 8 potions of curing
 B - a potion of invisibility
 C - 2 potions of degeneration
 H - 6 potions of lignification
 I - 2 potions of might
 J - 3 potions of flight
 L - a potion of berserk rage
Miscellaneous
 i - a phantom mirror
 j - the horn of Geryon (inert)
 n - a condenser vane (inert)
 F - a lightning rod (2/4)
 R - a phial of floods
 V - a tin of tremorstones (2/3)


   Skills:
 O Level 27 Fighting
 O Level 27 Maces & Flails
 + Level 25.4 Armour
 + Level 21.4 Dodging
 + Level 18.4 Stealth
 O Level 27 Shields
 O Level 27 Evocations


You had 17 spell levels left.
You didn't know any spells.
Your spell library contained the following spells:

 Spells                   Type           Power        Failure   Level
 Corona                   Hex            #......      75%         1
 Magic Dart               Conj           #...         75%         1
 Summon Small Mammal      Summ           #...         75%         1
 Blink                    Tloc           N/A          87%         2
 Call Imp                 Summ           #.......     87%         2
 Corpse Rot               Necr/Air       N/A          87%         2
 Slow                     Hex            #.......     87%         2
 Conjure Flame            Conj/Fire      #.......     98%         3
 Gell's Gravitas          Tloc           #.........   98%         3
 Mephitic Cloud           Conj/Pois/Air  #.......     98%         3
 Portal Projectile        Hex/Tloc       #.....       98%         3
 Stone Arrow              Conj/Erth      #.....       98%         3
 Tukima's Dance           Hex            #.......     98%         3
 Cause Fear               Hex            #.........   100%        4
 Summon Ice Beast         Ice/Summ       #.......     100%        4
 Metabolic Englaciation   Hex/Ice        #.........   100%        5
 Silence                  Hex/Air        #.........   100%        5
 Summon Forest            Summ/Tloc      #.........   100%        5
 Yara's Violent Unravell  Hex/Tmut       #.........   100%        5
 Dispersal                Tloc           #.........   100%        6
 Eringya's Noxious Bog    Tmut/Pois      #.........   100%        6
 Hydra Form               Tmut           #.........   100%        6
 Shadow Creatures         Summ           N/A          100%        6
 Summon Hydra             Summ           #.........   100%        7
 Discord                  Hex            #.........   100%        8
 Disjunction              Tloc           #.........   100%        8


Dungeon Overview and Level Annotations

Branches:
Dungeon (1/1)

Altars:
Cheibriados
Dithmenos
Elyvilon
Fedhas
Gozag
Hepliaklqana
Kikubaaqudgha
Makhleb
Nemelex Xobeh
Okawaru
Qazlal
Ru
Sif Muna
Trog
Uskayaw
Vehumet
Wu Jian
Xom
Yredelemnul
Zin
The Shining One
Beogh
Jiyva
Lugonu

Shops:
D [!=[:!?}([!}}=[(:=(?}!=(}[!


Innate Abilities, Weirdness & Mutations

You reflexively headbutt those who attack you in melee.
You have a pair of horns on your head.
You are partially covered in large bone plates. (SH +4)
Your body sometimes deteriorates upon taking damage.


Message History

The damnation engulfs your hell beast! The hellion gestures at you.
The sphere of damnation explodes!
The damnation engulfs you!!
* * * LOW HITPOINT WARNING * * *
The hellion gestures at you.
The sphere of damnation explodes!
The damnation engulfs you!!
* * * LOW HITPOINT WARNING * * *
The hellion gestures at you.
The sphere of damnation explodes!
The damnation engulfs you!!
* * * LOW HITPOINT WARNING * * *
Unknown command.
Unknown command.
Unknown command.
Unknown command.
As you read the scroll of fog, it crumbles to dust.
The scroll dissolves into smoke.
The hellion gestures at you.
The sphere of damnation explodes!
The damnation engulfs you!!
You die...
Your body crumbles into a pile of gold.

####### ###########
#§.$=.!!.$ φ##.'..#^.^.
#≈≈....2.###▓##.#..'..##
#≈≈≈§2222§§≈≈##.####..#.
#.§§§§≈≈§≈○°.##^#.(##'#.
#☼○☼§§≈≈≈≈≈≈○##^#.[#.^#.
#..§≈§≈≈≈≈.○.##.'..#..#.
#○§.☼○§§§.○2☼#######''##
#§☼§..§@§.§.§###.#.#..#.
#8§...§§§.2.8##..^^.....
▓######'#############)###
▓..............(.........
▓......2.....(.((...)))..
▓.....[......(.(((.(.(...
▓..............((........
▓.............(.(........
▓#######'#############+##


You could see 5 hellions and 3 friendly hell beasts.

Vanquished Creatures
  Antaeus (D)
  the Serpent of Hell (D)
  Dispater (D)
  Mara (D)
  Mennas (D)
  2 greater mummies (D)
  Boris (D)
  Frederick (D)
  Nikola (D)
  3 golden dragons (D)
  A Brimstone Fiend (D)
  An iron giant (D)
  Nellie (D)
  3 Hell Sentinels (D)
  2 liches (D)
  A quicksilver dragon (D)
  5 Ice Fiends (D)
  2 deep elf blademasters (D)
  2 titans (D)
  2 sphinxes (D)
  Gastronok (D)
  An Executioner (D)
  Chuck (D)
  3 shadow dragons (D)
  Roxanne (D)
  A storm dragon (D)
  3 azure jellies (D)
  A nagaraja (D)
  Donald (D)
  An iron dragon (D)
  A draconian knight (D)
  4 war gargoyles (D)
  3 stone giants (D)
  2 vampire knights (D)
  Azrael (D)
  2 dire elephants (D)
  2 deep elf annihilators (D)
  A deep elf death mage (D)
  9 mummy priests (D)
  2 yaktaur captains (D)
  Erolcha (D)
  A deep elf high priest (D)
  A fire dragon (D)
  An ogre mage (D)
  An ice dragon (D)
  A naga warrior (D)
  2 hydras (D)
  20 vault guards (D)
  2 hell beasts (D)
  6 anacondas (D)
  2 centaur warriors (D)
  2 iron elementals (D)
  4 death yaks (D)
  A titan zombie (D)
  Urug (D)
  2 sun demons (D)
  4 hell knights (D)
  2 soul eaters (D)
  2 iron golems (D)
  A spriggan druid (D)
  An anaconda zombie (D)
  A golden dragon zombie (D)
  A death drake (D)
  4 skeletal warriors (D)
  3 kraken simulacra (D)
  A sea snake (shapeshifter) (D)
  An orange crystal statue (D)
  A glowing orange brain (shapeshifter) (D)
  An obsidian statue (D)
  A lindwurm (D)
  7 deep elf magi (D)
  An orc sorcerer (D)
  4 crystal guardians (D)
  2 oklob plants (D)
  4 ugly things (D)
  2 elephants (D)
  3 rust devils (D)
  9 black mambas (D)
  A guardian serpent (D)
  An iron troll simulacrum (D)
  A stone giant skeleton (D)
  7 statues (D)
  An eye of devastation (shapeshifter) (D)
  2 cane toads (D)
  A hellion (D)
  8 yaktaurs (D)
  A yaktaur (shapeshifter) (D)
  A rime drake (D)
  An anaconda simulacrum (D)
  17 guardian mummies (D)
  2 ice devils (D)
  A queen bee (D)
  4 spriggan defenders (D)
  2 tyrant leeches (D)
  8 blink frogs (D)
  3 orc high priests (D)
  9 slime creatures (D)
  A hornet (D)
  A shadow (D)
  4 redbacks (D)
  2 spriggans (D)
  A spatial vortex (D)
  2 nagas (D)
  2 hydra simulacra (D)
  A floating eye (shapeshifter) (D)
  An orc warrior (D)
  4 water moccasins (D)
  A swamp drake (D)
  A fire dragon simulacrum (D)
  3 wandering mushrooms (D)
  A necrophage (D)
  2 black mamba simulacra (D)
  5 two-headed ogres (D)
  A water elemental (D)
  32 killer bees (D)
  7 electric eels (D)
  A jelly (D)
  2 orc wizards (D)
  3 orc priests (D)
  A wizard (D)
  2 necromancers (D)
  A wolf simulacrum (D)
  3 humans (D)
  A kobold demonologist (D)
  3 adders (D)
  An ooze (D)
  2 swamp drake simulacra (D)
  A phantom (D)
  12 orcs (D)
  3 rats (D)
  A bush (D)
  9 butterflies (D)
  2 tentacles (D)
369 creatures vanquished.

Vanquished Creatures (collateral kills)
  Geryon (D)
  Rupert (D)
  Frances (D)
  An azure jelly (D)
  A skeletal warrior (D)
  A deep elf mage (D)
  A komodo dragon (D)
7 creatures vanquished.

Vanquished Creatures (others)
  2 deep elf blademasters (D)
  Nessos (D)
  A mummy priest (D)
  A hydra (D)
  4 dancing weapons (D)
  A shadow wraith (D)
  A stone giant skeleton (D)
  A molten gargoyle (D)
  3 yaktaurs (D)
  2 hornets (D)
  A statue (D)
  A redback (D)
  4 ball lightnings (D)
  4 ballistomycete spores (D)
  50 plants (D)
  8 tentacles (D)
85 creatures vanquished.

Grand Total: 461 creatures vanquished

Notes
Turn   | Place    | Note
-------+----------+-------------------------------------------
     0 | D        | olmar the Minotaur Fighter began the quest for the Orb.
     0 | D        | Reached XP level 1. HP: 19/19 MP: 0/0
    50 | D        | Reached XP level 2. HP: 27/28 MP: 1/1
    56 | D        | Reached skill level 5 in Fighting
    56 | D        | Reached skill level 5 in Armour
    56 | D        | Reached skill level 5 in Shields
    56 | D        | Reached XP level 3. HP: 19/36 MP: 2/2
   190 | D        | Noticed a water elemental
   195 | D        | Killed a water elemental
   195 | D        | Reached skill level 5 in Maces & Flails
   195 | D        | Reached XP level 4. HP: 44/45 MP: 3/3
   243 | D        | Noticed a shadow
   250 | D        | Killed a shadow
   250 | D        | Reached XP level 5. HP: 28/56 MP: 4/4
   250 | D        | Reached XP level 6. HP: 31/62 MP: 5/5
   256 | D        | Found a blossoming altar of Fedhas.
   256 | D        | Found a stormy altar of Qazlal.
   257 | D        | Found a snail-covered altar of Cheibriados.
   257 | D        | Found a burning altar of Makhleb.
   257 | D        | Found a hazy altar of Hepliaklqana.
   257 | D        | Found a shimmering altar of Xom.
   257 | D        | Found an opulent altar of Gozag.
   257 | D        | Found a sparkling altar of Nemelex Xobeh.
   257 | D        | Found a corrupted altar of Lugonu.
   257 | D        | Found a viscous altar of Jiyva.
   257 | D        | Noticed a spatial vortex
   263 | D        | Became a worshipper of Gozag Ym Sagoz the Greedy
   276 | D        | Killed a spatial vortex
   284 | D        | Found a basalt altar of Yredelemnul.
   284 | D        | Found a shadowy altar of Dithmenos.
   284 | D        | Found a sacrificial altar of Ru.
   304 | D        | Found a glowing silver altar of Zin.
   304 | D        | Found a glowing golden altar of the Shining One.
   304 | D        | Found a white marble altar of Elyvilon.
   304 | D        | Noticed a deep elf mage
   312 | D        | Killed a deep elf mage
   312 | D        | Reached skill level 10 in Fighting
   312 | D        | Reached skill level 10 in Armour
   312 | D        | Reached XP level 7. HP: 30/73 MP: 6/6
   358 | D        | Found a radiant altar of Vehumet.
   358 | D        | Found a shimmering blue altar of Sif Muna.
   358 | D        | Found an ancient bone altar of Kikubaaqudgha.
   401 | D        | Found a hide-covered altar of Uskayaw.
   401 | D        | Found a roughly hewn altar of Beogh.
   401 | D        | Found an iron altar of Okawaru.
   401 | D        | Found a bloodstained altar of Trog.
   401 | D        | Found an ornate altar of the Wu Jian Council.
   401 | D        | Noticed a human
   401 | D        | Noticed a human
   415 | D        | Killed a human
   415 | D        | Reached skill level 10 in Shields
   415 | D        | Reached XP level 8. HP: 74/81 MP: 7/7
   579 | D        | Reached skill level 1 in Dodging
   582 | D        | Reached skill level 1 in Evocations
   595 | D        | Noticed a two-headed ogre
   600 | D        | Killed a two-headed ogre
   600 | D        | Reached skill level 5 in Stealth
   607 | D        | Noticed Erolcha
   611 | D        | Noticed a two-headed ogre
   613 | D        | Killed Erolcha
   613 | D        | Reached XP level 9. HP: 50/90 MP: 8/8
   617 | D        | Killed a two-headed ogre
   701 | D        | Noticed an orc sorcerer
   710 | D        | Found Paequpnu's Magic Scroll Emporium.
   740 | D        | Bought a scroll of blinking for 90 gold pieces
   740 | D        | Bought a scroll of identify for 24 gold pieces
   740 | D        | Bought a scroll of fog for 24 gold pieces
   740 | D        | Bought a scroll of magic mapping for 42 gold pieces
   780 | D        | Bought a translucent flail for 263 gold pieces
   780 | D        | Identified the cursed +2 flail of Descent {vorpal, *Drain
                  | MR+ Int+7 SInv} (You bought it in a shop in the Dungeon)
   801 | D        | Noticed a wandering mushroom
   838 | D        | Noticed a wandering mushroom
   840 | D        | Noticed a wandering mushroom
   932 | D        | Killed a wandering mushroom
   939 | D        | Noticed a cane toad
   939 | D        | Noticed a komodo dragon
   939 | D        | Noticed a cane toad
   949 | D        | Killed a komodo dragon
   950 | D        | Killed a cane toad
   954 | D        | Killed a cane toad
   954 | D        | Reached skill level 15 in Maces & Flails
   954 | D        | Reached XP level 10. HP: 24/100 MP: 9/9
   981 | D        | Gained mutation: Your mind is acute. (Int +2) [potion of
                  | mutation]
   981 | D        | Lost mutation: Your mind is acute. (Int +2) [potion of
                  | mutation]
   981 | D        | Gained mutation: You are partially covered in large bone
                  | plates. (SH +4) [potion of mutation]
  1204 | D        | Noticed Donald
  1204 | D        | Noticed Frances
  1209 | D        | Killed Frances
  1209 | D        | Reached skill level 5 in Dodging
  1209 | D        | Reached skill level 5 in Evocations
  1217 | D        | Killed Donald
  1314 | D        | Noticed an orange demon
  1325 | D        | Noticed a rust devil
  1334 | D        | Noticed a soul eater
  1375 | D        | Noticed an orange crystal statue
  1381 | D        | Found Umnoof's Gadget Emporium.
  1381 | D        | Found Viet's Jewellery Shop.
  1381 | D        | Found Oleemi's Antique Weapon Boutique.
  1381 | D        | Found Muxeac's Distillery.
  1381 | D        | Found Yntelit's Magic Scroll Boutique.
  1381 | D        | Found Weudop's Distillery.
  1381 | D        | Found Icsail's Jewellery Shoppe.
  1381 | D        | Found Arasue's Antique Armour Shop.
  1381 | D        | Found Kiann's Book Shop.
  1381 | D        | Found Roimuk's Gadget Emporium.
  1381 | D        | Found Ohaentad's Weapon Boutique.
  1414 | D        | Bought a condenser vane (2/2) for 260 gold pieces
  1416 | D        | Bought a potion of ambrosia for 104 gold pieces
  1416 | D        | Bought 2 potions of heal wounds for 130 gold pieces
  1416 | D        | Bought a potion of heal wounds for 65 gold pieces
  1416 | D        | Bought a potion of haste for 130 gold pieces
  1417 | D        | Bought a potion of resistance for 120 gold pieces
  1418 | D        | Bought warped storm dragon scales for 2210 gold pieces
  1433 | D        | Identified the +5 storm dragon scales of the Garden
                  | {Rampage rElec rPois rF+ Dex+3} (You bought it in a shop in
                  | the Dungeon)
  1435 | D        | Bought a scroll of holy word for 82 gold pieces
  1435 | D        | Bought 2 scrolls of identify for 44 gold pieces
  1435 | D        | Bought a scroll of remove curse for 33 gold pieces
  1435 | D        | Bought a scroll of identify for 22 gold pieces
  1435 | D        | Bought a scroll of magic mapping for 38 gold pieces
  1436 | D        | Bought a potion of heal wounds for 60 gold pieces
  1436 | D        | Bought a potion of stabbing for 48 gold pieces
  1436 | D        | Bought a potion of ambrosia for 96 gold pieces
  1436 | D        | Bought a potion of curing for 36 gold pieces
  1436 | D        | Bought a potion of invisibility for 96 gold pieces
  1436 | D        | Bought a potion of ambrosia for 96 gold pieces
  1436 | D        | Bought 2 potions of curing for 72 gold pieces
  1438 | D        | Bought a potion of curing for 39 gold pieces
  1438 | D        | Bought a potion of haste for 130 gold pieces
  1438 | D        | Bought a potion of degeneration for 13 gold pieces
  1442 | D        | Bought a wand of disintegration (16) for 260 gold pieces
  1638 | D        | Killed an orange crystal statue
  1657 | D        | Reached XP level 11. HP: 100/110 MP: 2/10
  1688 | D        | Noticed a sea snake
  1688 | D        | a sea snake changed into a merfolk
  1692 | D        | Noticed a deep troll
  1692 | D        | a merfolk changed into a deep troll
  1695 | D        | Noticed a glowing orange brain
  1695 | D        | a deep troll changed into a glowing orange brain
  1698 | D        | Killed a glowing orange brain
  1717 | D        | Noticed a white ugly thing
  1717 | D        | Noticed a white ugly thing
  1724 | D        | Noticed an anaconda
  1725 | D        | Killed a white ugly thing
  1726 | D        | an anaconda changed into a tyrant leech
  1728 | D        | Noticed a fire dragon
  1728 | D        | a tyrant leech changed into a fire dragon
  1728 | D        | Noticed a death drake
  1728 | D        | an eye of devastation changed into a death drake
  1730 | D        | a death drake changed into a yaktaur
  1737 | D        | Killed a white ugly thing
  1741 | D        | a fire dragon changed into a slime creature
  1742 | D        | Noticed a deep troll
  1742 | D        | a slime creature changed into a deep troll
  1746 | D        | a deep troll changed into a faun
  1768 | D        | Noticed a centaur warrior
  1772 | D        | Killed a centaur warrior
  1776 | D        | Noticed a fire dragon
  1797 | D        | Killed a fire dragon
  1797 | D        | Reached skill level 15 in Shields
  1827 | D        | Noticed a yaktaur captain
  1833 | D        | Killed a yaktaur captain
  1834 | D        | Noticed a sea snake
  1834 | D        | a faun changed into a sea snake
  1835 | D        | a sea snake changed into a merfolk
  1836 | D        | Reached skill level 15 in Fighting
  1841 | D        | Noticed a sea snake
  1841 | D        | a torpor snail changed into a sea snake
  1846 | D        | Killed a sea snake
  1864 | D        | Noticed Chuck
  1869 | D        | Noticed a purple ugly thing
  1871 | D        | Killed Chuck
  1910 | D        | Killed a cyan ugly thing
  2024 | D        | Reached XP level 12. HP: 40/121 MP: 11/11
  2339 | D        | Reached skill level 10 in Evocations
  2340 | D        | Noticed Urug
  2344 | D        | Killed Urug
  2448 | D        | Noticed a six-headed hydra
  2448 | D        | Noticed an eight-headed hydra
  2452 | D        | Killed an eight-headed hydra
  2455 | D        | Killed a six-headed hydra
  2475 | D        | Noticed an anaconda
  2475 | D        | Noticed an anaconda
  2479 | D        | Killed an anaconda
  2483 | D        | Killed an anaconda
  2514 | D        | Noticed an anaconda
  2522 | D        | Killed an anaconda
  2531 | D        | Noticed an anaconda
  2531 | D        | Noticed an anaconda
  2531 | D        | Noticed an anaconda
  2534 | D        | Killed an anaconda
  2535 | D        | Killed an anaconda
  2537 | D        | Killed an anaconda
  2732 | D        | Noticed a nagaraja
  2733 | D        | Noticed a naga warrior
  2735 | D        | Found Pagotopt's Antique Armour Shop.
  2735 | D        | Found Xoanloh's Book Shoppe.
  2743 | D        | Killed a nagaraja
  2743 | D        | Reached XP level 13. HP: 83/130 MP: 12/12
  2760 | D        | Found Cuimp's Distillery.
  2768 | D        | Bought a pair of glowing boots for 202 gold pieces
  2770 | D        | Bought a potion of lignification for 39 gold pieces
  2770 | D        | Bought a potion of curing for 39 gold pieces
  2770 | D        | Bought a potion of lignification for 39 gold pieces
  2770 | D        | Bought a potion of might for 52 gold pieces
  2770 | D        | Bought a potion of curing for 39 gold pieces
  2791 | D        | Got a serpentine rune of Zot
  2885 | D        | Reached skill level 15 in Armour
  2938 | D        | Noticed Rupert
  2963 | D        | Killed Rupert
  2980 | D        | Noticed an azure jelly
  2980 | D        | Noticed an azure jelly
  2980 | D        | Noticed an azure jelly
  2980 | D        | Noticed an azure jelly
  2981 | D        | Noticed a dire elephant
  2981 | D        | Noticed a dire elephant
  2981 | D        | Noticed Gastronok
  2989 | D        | Killed a dire elephant
  2989 | D        | Killed Gastronok
  2995 | D        | Killed a dire elephant
  3030 | D        | Killed an azure jelly
  3031 | D        | Killed an azure jelly
  3033 | D        | Killed an azure jelly
  3036 | D        | Killed an azure jelly
  3079 | D        | Killed a mummy priest
  3214 | D        | Found Zeitiu's Antique Armour Shoppe.
  3214 | D        | Found Sauroghe's Distillery.
  3214 | D        | Found Typrodal's Jewellery Emporium.
  3227 | D        | Bought a pair of faintly humming boots for 218 gold pieces
  3228 | D        | Bought a potion of lignification for 33 gold pieces
  3228 | D        | Bought a potion of curing for 33 gold pieces
  3228 | D        | Bought a potion of berserk rage for 55 gold pieces
  3228 | D        | Bought a potion of resistance for 110 gold pieces
  3228 | D        | Bought a potion of curing for 33 gold pieces
  3229 | D        | Bought the ring of the Present {*Drain MR+ EV+4 Int+3} for
                  | 640 gold pieces
  3229 | D        | Bought the ring of Divine Compulsion {MP+9 Dex+2 Slay+5}
                  | for 678 gold pieces
  3362 | D        | Got a decaying rune of Zot
  3517 | D        | Bought a scroll of amnesia for 42 gold pieces
  3517 | D        | Bought 2 scrolls of remove curse for 72 gold pieces
  3517 | D        | Bought a scroll of identify for 24 gold pieces
  3528 | D        | Reached XP level 14. HP: 90/141 MP: 13/13
  3531 | D        | Reached skill level 15 in Evocations
  3540 | D        | Killed Nessos
  3604 | D        | Reached skill level 10 in Dodging
  3743 | D        | Noticed a deep elf blademaster
  3760 | D        | Killed a deep elf blademaster
  3888 | D        | Noticed Nellie
  3901 | D        | Killed Nellie
  3907 | D        | Got a demonic rune of Zot
  3921 | D        | Killed a deep elf blademaster
  3926 | D        | Noticed Azrael
  3930 | D        | Killed Azrael
  3974 | D        | Identified the cursed +0 pair of boots of the Silversmith
                  | {rPois rF+} (You bought it in a shop in the Dungeon)
  4014 | D        | Found a blossoming altar of Fedhas.
  4016 | D        | Noticed an Executioner
  4025 | D        | Killed an Executioner
  4055 | D        | Bought the +1 pair of boots of the Enchanted Forest {rElec
                  | rN++ rCorr Str-3} for 532 gold pieces
  4055 | D        | Bought the +2 ratskin cloak {*Rats rPois rN+ Str-1 Int-1
                  | Dex+1} for 444 gold pieces
  4055 | D        | Found the +2 ratskin cloak {*Rats rPois rN+ Str-1 Int-1
                  | Dex+1}
  4055 | D        | Bought the cursed +0 tower shield of Jismyusiuna {*Drain
                  | rF+ MR+} for 248 gold pieces
  4057 | D        | Noticed a deep elf blademaster
  4070 | D        | Killed a deep elf blademaster
  4130 | D        | Noticed Boris
  4148 | D        | Killed Boris
  4155 | D        | Noticed Mennas
  4183 | D        | Killed Mennas
  4183 | D        | Reached XP level 15. HP: 62/152 MP: 14/14
  4340 | D        | Noticed Mara
  4357 | D        | Noticed olmar's illusion
  4357 | D        | Killed Mara
  4401 | D        | Found Fasmoshu's Armour Emporium.
  4401 | D        | Found Ehobol's Gadget Shop.
  4401 | D        | Found Poysse's Distillery.
  4401 | D        | Found Umoyg's Gadget Shoppe.
  4435 | D        | Bought a potion of heal wounds for 70 gold pieces
  4435 | D        | Bought 2 potions of lignification for 84 gold pieces
  4435 | D        | Bought a potion of curing for 42 gold pieces
  4435 | D        | Bought a potion of curing for 42 gold pieces
  4435 | D        | Bought a potion of lignification for 42 gold pieces
  4435 | D        | Bought a potion of curing for 42 gold pieces
  4435 | D        | Identified Roxanne's Tome of Changing
  4435 | D        | Noticed Roxanne
  4453 | D        | Killed Roxanne
  4508 | D        | Found Itokesch's Gadget Boutique.
  4508 | D        | Noticed a black draconian knight
  4536 | D        | Killed a black draconian knight
  4536 | D        | Reached skill level 27 in Shields
  4547 | D        | Killed a deep elf blademaster
  4589 | D        | Bought the amulet "Igawus" {Regen+ Str+4 Int-2 Dex+4} for
                  | 892 gold pieces
  4806 | D        | Noticed Nikola
  4806 | D        | Noticed a storm dragon
  4814 | D        | Killed a storm dragon
  4825 | D        | Killed Nikola
  4998 | D        | Noticed Frederick
  5003 | D        | Killed Frederick
  5032 | D        | Noticed a lich
  5039 | D        | Noticed a Tzitzimitl
  5041 | D        | Killed a lich
  5057 | D        | Noticed a shadow dragon
  5058 | D        | Noticed a shadow dragon
  5071 | D        | Killed a shadow dragon
  5080 | D        | Killed a shadow dragon
  5115 | D        | Noticed a quicksilver dragon
  5115 | D        | Noticed a golden dragon
  5115 | D        | Noticed a shadow dragon
  5115 | D        | Noticed a golden dragon
  5115 | D        | Noticed a golden dragon
  5115 | D        | Noticed a titan
  5115 | D        | Noticed a titan
  5117 | D        | Reached XP level 16. HP: 168/168 MP: 15/15
  5118 | D        | Reached skill level 15 in Dodging
  5119 | D        | Reached skill level 10 in Stealth
  5120 | D        | Killed a quicksilver dragon
  5123 | D        | Killed a golden dragon
  5124 | D        | Killed a titan
  5125 | D        | Killed a golden dragon
  5125 | D        | Killed a titan
  5129 | D        | Killed a shadow dragon
  5131 | D        | Killed a golden dragon
  5174 | D        | Got a silver rune of Zot
  5186 | D        | Identified the Catalogue of the Creative Oath
  5201 | D        | Acquired 1125 gold pieces
  5202 | D        | Acquired the +0 mask of the Dragon {MR+ Slay+3 SInv}
  5203 | D        | Found the +0 mask of the Dragon {MR+ Slay+3 SInv}
  5203 | D        | Acquired 644 gold pieces
  5365 | D        | Noticed a lich
  5376 | D        | Killed a lich
  5392 | D        | Noticed a sphinx
  5392 | D        | Noticed a sphinx
  5402 | D        | Killed a sphinx
  5407 | D        | Killed a sphinx
  5484 | D        | Reached XP level 17. HP: 100/185 MP: 16/16
  5602 | D        | Noticed a greater mummy
  5602 | D        | Noticed a greater mummy
  5607 | D        | Killed a greater mummy
  5607 | D        | Lost intelligence.
  5612 | D        | Killed a greater mummy
  5643 | D        | Got a golden rune of Zot
  5695 | D        | Acquired 981 gold pieces
  5790 | D        | Got a twisted flail
  5910 | D        | Noticed Geryon
  5926 | D        | Killed Geryon
  5931 | D        | Noticed an iron giant
  5951 | D        | Killed an iron giant
  5952 | D        | Reached skill level 27 in Fighting
  6011 | D        | Noticed a Hell Sentinel
  6017 | D        | Killed a Hell Sentinel
  6033 | D        | Got a pair of slimy gloves
  6046 | D        | Acquired 403 gold pieces
  6047 | D        | Acquired 445 gold pieces
  6048 | D        | Acquired 712 gold pieces
  6049 | D        | Acquired the amulet "Kocich" {Reflect rElec rC- rN+ SH+5}
  6057 | D        | Noticed a Hell Sentinel
  6057 | D        | Identified the +4 staff of Dispater
  6057 | D        | Noticed Dispater
  6059 | D        | Noticed a Hell Sentinel
  6060 | D        | Noticed a Hell Sentinel
  6075 | D        | Killed a Hell Sentinel
  6077 | D        | Killed a Hell Sentinel
  6089 | D        | Gained mutation: Your body sometimes deteriorates upon
                  | taking damage. [a cacodemon]
  6092 | D        | Killed Dispater
  6092 | D        | Reached skill level 27 in Maces & Flails
  6092 | D        | Reached skill level 27 in Evocations
  6105 | D        | Got an iron rune of Zot
  6144 | D        | Noticed a Brimstone Fiend
  6144 | D        | Noticed the Serpent of Hell
  6179 | D        | Noticed a golden dragon
  6206 | D        | Noticed a quicksilver dragon
  6215 | D        | Killed the Serpent of Hell
  6215 | D        | Reached XP level 18. HP: 58/200 MP: 17/17
  6224 | D        | Killed a Brimstone Fiend
  6236 | D        | Reached skill level 15 in Stealth
  6274 | D        | Noticed an Ice Fiend
  6280 | D        | Killed an Ice Fiend
  6422 | D        | Got a translucent graven amulet
  6423 | D        | Identified the +0 pair of gloves "Bor Zel" {rF+ rN+} (You
                  | found it in the Dungeon)
  6429 | D        | Identified the amulet of Bylew {Inacc rPois} (You found it
                  | in the Dungeon)
  6430 | D        | Identified the +9 flail of a Thousand Prophets {speed, rC+}
                  | (You found it in the Dungeon)
  6437 | D        | Noticed Antaeus
  6497 | D        | Killed Antaeus
  6536 | D        | Got an icy rune of Zot
  6592 | D        | Noticed an Ice Fiend
  6594 | D        | Killed an Ice Fiend
  6601 | D        | Noticed an Ice Fiend
  6604 | D        | Killed an Ice Fiend
  6613 | D        | Noticed an Ice Fiend
  6617 | D        | Killed an Ice Fiend
  6629 | D        | Noticed an Ice Fiend
  6634 | D        | Killed an Ice Fiend
  6696 | D        | HP: 4/200 [hellion/damnation (23)]
  6697 | D        | Killed from afar by a hellion

Illustrated notes

Levels and vault maps discovered:
D:        dungeon_sprint_mu [sprint_mu_entry_forest, sprint_mu_temple_rooms,
          sprint_mu_d1_spiders, sprint_mu_d2_genie, sprint_mu_d3_branching,
          sprint_mu_orc_legion, sprint_mu_elf_gauntlet, sprint_mu_hive_nellie,
          sprint_mu_lair_fedhas, sprint_mu_vaults_butterflies,
          sprint_mu_slime_circle, sprint_mu_swamp_cave, sprint_mu_snake_twists,
          sprint_mu_blade_basic, sprint_mu_crypt_fortress,
          sprint_mu_tomb_spiral, sprint_mu_vestibule_basic,
          sprint_mu_gehenna_hellfire, sprint_mu_dis_giant,
          sprint_mu_tartarus_statrot, sprint_mu_cocytus_islands, sprint_mu_zot1]

Skill      XL: |  1  2  3  4  5  6  7  8  9 10 11 12 13 14 15 16 17 18 |
---------------+-------------------------------------------------------+-----
Fighting       | 4 5 6 8 10 11 12 14 15 16 17 19 21 25 27 | 27.0
Armour         | 4 5 6 8 10 11 13 14 16 17 19 21 23 25 | 25.4
Shields        | 4 5 6 8 9 10 11 12 13 16 19 22 25 27 | 27.0
Maces & Flails | 3 5 7 11 12 13 15 16 17 18 19 21 23 27 | 27.0
Stealth        | 3 6 7 8 9 10 14 18 | 18.4
Dodging        | 2 4 6 7 8 9 11 14 17 19 21 | 21.4
Evocations     | 2 4 6 9 12 14 18 21 24 27 | 27.0

Action                   |  1- 3 |  4- 6 |  7- 9 | 10-12 | 13-15 | 16-18 || total
-------------------------+-------+-------+-------+-------+-------+-------++-------
Melee: Flail             |    24 |    30 |   113 |   201 |   329 |    57 ||   754
       Headbutt          |     4 |     8 |    21 |    44 |   125 |   103 ||   305
       Morningstar       |       |       |       |       |       |   175 ||   175
Invok: Call Merchant     |       |       |     1 |       |     3 |       ||     4
       Potion Petition   |       |       |       |     3 |       |     6 ||     9
 Abil: Evoke Flight      |       |       |       |       |       |     5 ||     5
       Stop Flying       |       |       |       |       |       |     2 ||     2
Evoke: Phantom mirror    |       |     1 |     6 |     7 |    11 |     7 ||    32
       Wand              |       |     1 |    12 |     4 |    14 |       ||    31
       Condenser vane    |       |       |       |    19 |    40 |    16 ||    75
       Lightning rod     |       |       |       |    28 |    73 |    19 ||   120
       Tin of tremorston |       |       |       |       |    11 |    24 ||    35
       Phial of floods   |       |       |       |       |     1 |     1 ||     2
       Horn of Geryon    |       |       |       |       |       |     3 ||     3
  Use: Potion            |     2 |       |     5 |     5 |     8 |     9 ||    29
       Scroll            |       |       |       |     2 |     4 |    16 ||    22
 Stab: Paralysed         |       |     5 |     2 |       |       |       ||     7
       Distracted        |       |       |     1 |       |     2 |     5 ||     8
       Confused          |       |       |       |     2 |       |       ||     2
       Sleeping          |       |       |       |       |     1 |     5 ||     6
Armor: Scale mail        |     1 |     4 |     7 |       |       |       ||    12
       Skin              |       |       |     4 |     2 |       |       ||     6
       Storm dragon scal |       |       |       |    37 |    85 |    77 ||   199
Dodge: Dodged            |     4 |     3 |    16 |    39 |   103 |    83 ||   248
Block: Kite shield       |    13 |     7 |    40 |   167 |   175 |       ||   402
       Reflection        |       |       |       |     6 |     4 |       ||    10
       Tower shield      |       |       |       |       |   161 |   222 ||   383

Table legend: (Time is in decaauts)
 A = Elapsed time spent in this place.
 B = Non-inter-level travel time spent in this place.
 C = Inter-level travel time spent in this place.
 D = Time resting spent in this place.
 E = Time spent auto-exploring this place.
 F = Levels seen in this place.
 G = Mean time per level.
                   A        B        C        D        E       F      G
               +--------+--------+--------+--------+--------+-----+--------+
         Total |   6458 |   5741 |    717 |   2551 |      0 |   1 | 6458.0 |
       Dungeon |   6458 |   5741 |    717 |   2551 |      0 |   1 | 6458.0 |
               +--------+--------+--------+--------+--------+-----+--------+

Top non-repeatable levels by time:
       D: 6458 daAuts
